 Dungeon Crawl Stone Soup version 0.21.1-1-g345015f (webtiles) character file.

543 prawnwizard the Chopper (level 7, -3/61 HPs)
             Began as a Minotaur Berserker on July 16, 2018.
             Was a Believer of Trog.
             Slain by a centaur (6 damage)
             ... on level 5 of the Dungeon.
             The game lasted 00:03:10 (3723 turns).

prawnwizard the Chopper (Minotaur Berserker)        Turns: 3723, Time: 00:03:11

Health: -3/61      AC:  9    Str: 24    XL:     7   Next: 6%
Magic:  6/6        EV: 10    Int:  4    God:    Trog [**....]
Gold:   100        SH:  0    Dex:  9    Spells: 6/6 levels left

rFire    . . .     SeeInvis .   a - +0 hand axe
rCold    . . .     Gourm    .   (no shield)
rNeg     . . .     Faith    .   l - +0 chain mail
rPois    .         Spirit   .   (helmet restricted)
rElec    .         Reflect  .   (no cloak)
rCorr    .         Harm     .   (no gloves)
MR       .....                  (no boots)
Stlth    ..........             (no amulet)
HPRegen  0.20/turn              (no ring)
MPRegen  0.10/turn              (no ring)

@: berserk cooldown, slowed, very slow
A: retaliatory headbutt, horns 2
a: Berserk, Trog's Hand, Burn Spellbooks, Renounce Religion


You were on level 5 of the Dungeon.
You worshipped Trog.
Trog was pleased with you.
You were very hungry.

You visited 1 branch of the dungeon, and saw 5 of its levels.

You collected 100 gold pieces.

Inventory:

Hand Weapons
 a - a +0 hand axe (weapon)
Armour
 l - a +0 chain mail (worn)
Jewellery
 q - an uncursed ring of resist corrosion {unknown}
Wands
 p - a wand of flame (17)
Scrolls
 e - 3 scrolls of remove curse {unknown}
 g - 2 scrolls of teleportation {unknown}
 h - 2 scrolls of fog {unknown}
 i - 2 scrolls of random uselessness {unknown}
 m - 2 scrolls of identify {unknown}
 n - 3 scrolls of immolation {unknown}
 o - a scroll of magic mapping {unknown}
Potions
 b - 2 potions of magic {unknown}
 d - 3 potions of curing {unknown}
 f - a potion of cancellation {unknown}
 j - a potion of mutation {unknown}
 k - a potion of invisibility {unknown}
 r - a potion of ambrosia {unknown}
 s - a potion of might {unknown}
Comestibles
 c - 7 rations


   Skills:
 + Level 5.4 Fighting
 * Level 6.7 Axes
 + Level 4.6 Armour
 + Level 4.2 Dodging


You had 6 spell levels left.
You didn't know any spells.

Dungeon Overview and Level Annotations

Branches:
Dungeon (5/15)
 Temple: D:4-7

Altars:
Cheibriados
Fedhas
Makhleb
Nemelex Xobeh
Okawaru
Qazlal
Wu Jian


Innate Abilities, Weirdness & Mutations

You reflexively headbutt those who attack you in melee.
You have a pair of horns on your head.


Message History

You hit the orc priest. You headbutt the orc priest!
The orc priest is almost dead.
You slash the centaur! The centaur hits you.
* * * LOW HITPOINT WARNING * * *
You closely miss the orc priest.
The orc priest is almost dead.
Your chain mail prevents you from hitting the centaur.
You are no longer berserk.
You are exhausted.
You feel yourself slow down.
The orc priest hits you but does no damage.
The centaur hits you.
* * * LOW HITPOINT WARNING * * *
You closely miss the orc priest. Your headbutt misses the orc priest.
The orc priest is almost dead.
You hit the centaur. The centaur hits you.
* * * LOW HITPOINT WARNING * * *
The orc priest hits you but does no damage.
The centaur hits you.
You die...

##+#.. _.. ######....#
... #.......... ...
#.####....# #.#
.......##.# ...
#.####.##.# ##.### #.#
#.##.# .{..####.
#.####.##.# #oc......
#.........# #@# .. .
#####.###.# #(#.....
##.###.######'#.....
#...................)
#....................
#...............######.#
##.#........#+#.#....#..
#.#.######.#.#.#.##.#.#
#....[.......#.#.##.#.#


You could see a centaur and an orc priest.

Vanquished Creatures
  2 ogres
  A phantom (D:4)
  3 orc priests
  A hound (D:5)
  An iguana (D:4)
  A worker ant (D:4)
  Robin (D:2)
  2 adders
  3 worms
  2 dart slugs (D:1)
  5 leopard geckos
  7 orcs
  5 bats
  3 giant cockroaches
  12 hobgoblins
  8 jackals
  11 kobolds
  A quokka (D:3)
  5 frilled lizards
  8 goblins
  5 rats
87 creatures vanquished.

Notes
Turn   | Place    | Note
-------+----------+-------------------------------------------
     0 | D:1      | prawnwizard the Minotaur Berserker began the quest for the Orb.
     0 | D:1      | Reached XP level 1. HP: 19/19 MP: 0/0
    93 | D:1      | Reached XP level 2. HP: 22/27 MP: 1/1
   132 | D:1      | Reached skill level 4 in Axes
   513 | D:1      | Reached XP level 3. HP: 17/33 MP: 2/2
   962 | D:2      | Found a burning altar of Makhleb.
  1125 | D:2      | Noticed Robin
  1136 | D:2      | Killed Robin
  1156 | D:2      | Reached ** piety under Trog
  1246 | D:2      | Reached XP level 4. HP: 40/40 MP: 3/3
  1341 | D:2      | Found an ornate altar of the Wu Jian Council.
  2080 | D:3      | Reached skill level 5 in Axes
  2118 | D:3      | Found a faded altar of an unknown god.
  2454 | D:3      | Reached XP level 5. HP: 27/47 MP: 4/4
  2834 | D:4      | Found an iron altar of Okawaru.
  2835 | D:4      | Found a stormy altar of Qazlal.
  2856 | D:4      | Found a blossoming altar of Fedhas.
  2866 | D:4      | Found a snail-covered altar of Cheibriados.
  3048 | D:4      | Noticed a phantom
  3084 | D:4      | Killed a phantom
  3084 | D:4      | Reached skill level 5 in Fighting
  3084 | D:4      | Reached skill level 6 in Axes
  3084 | D:4      | Reached XP level 6. HP: 30/56 MP: 5/5
  3530 | D:5      | Entered Level 5 of the Dungeon
  3534 | D:5      | Found a sparkling altar of Nemelex Xobeh.
  3718 | D:5      | Reached XP level 7. HP: 15/61 MP: 6/6
  3723 | D:5      | HP: 3/61 [centaur (1)]
  3723 | D:5      | Slain by a centaur

Skill      XL: |  1  2  3  4  5  6 |
---------------+-------------------+-----
Axes           | 4 5 6 |  6.7
Fighting       | 4 5 |  5.4
Armour         | 3 4 |  4.6
Dodging        | 3 4 |  4.2

Action                   |  1- 3 |  4- 6 |  7- 9 || total
-------------------------+-------+-------+-------++-------
Melee: Hand axe          |    99 |   132 |     4 ||   235
       Headbutt          |    13 |    24 |     1 ||    38
Invok: Berserk           |       |     3 |       ||     3
  Eat: Chunk             |     1 |     9 |       ||    10
Armor: Animal skin       |     5 |       |       ||     5
       Ring mail         |    19 |    14 |       ||    33
       Chain mail        |       |    21 |     3 ||    24
Dodge: Dodged            |    57 |    75 |     1 ||   133
